 Dungeon Crawl Stone Soup version 0.30.0-15-g856e2d3f33 (webtiles) character file.

Game seed: 2726513686643204789

20633 qw the Cleaver (level 12, -4/76 HPs)
             Began as a Gargoyle Fighter on May 20, 2023.
             Was an Elder of Okawaru.
             Killed from afar by an oklob plant (12 damage)
             ... with a splash of acid
             ... on level 1 of the Lair of Beasts.
             The game lasted 00:06:50 (12177 turns).

qw the Cleaver (Gargoyle Fighter)                  Turns: 12177, Time: 00:06:51

Health: -4/76      AC: 25    Str: 24    XL:     12   Next: 81%
Magic:  18/18      EV: 19    Int: 13    God:    Okawaru [****..]
Gold:   121        SH: 18    Dex: 11    Spells: 11/11 levels left

rFire   + . .        Y - +2 war axe (venom)
rCold   . . .        e - +0 kite shield
rNeg    + . .        b - +0 plate armour
rPois   inf          h - +2 helmet
rElec   +            p - +0 cloak
rCorr   .            a - +0 pair of gloves "Saonou Bosm" {Int+3 Dex+2 Stlth-}
SInv    .            g - +0 pair of boots
Will    .....        m - amulet of reflection Stlth
                     u - ring of Mistrust {rF+ EV+5}
HPRegen 0.32/turn    o - +5 ring of evasion
MPRegen 0.16/turn

%: reflection
@: heroic, corroded
A: sickness immunity, AC +8, negative energy resistance 1, electricity
resistance, torment resistance 1, petrification resistance
a: Renounce Religion, Heroism, Finesse


You were on level 1 of the Lair of Beasts.
You worshipped Okawaru.
Okawaru was greatly pleased with you.
You visited 3 branches of the dungeon, and saw 13 of its levels.

You collected 748 gold pieces.
You spent 627 gold pieces at shops.


Innate Abilities, Weirdness & Mutations

You are immune to sickness and miasma.
Your stone body is resilient. (AC +8)
You are immune to poison.
You resist negative energy. (rN+)
You are resistant to electric shocks. (rElec)
You are resistant to unholy torment.
You are immune to petrification.


   Skills:
 - Level 9.0(14.0) Fighting
 - Level 12.0(17.0) Axes
 - Level 3.0(8.0) Throwing
 - Level 9.3(14.3) Armour
 - Level 2.0(7.0) Dodging
 + Level 10.4(15.4) Shields
 + Level 8.4 Invocations


You had 11 spell levels left.
You didn't know any spells.
Your spell library was empty.

Inventory:

Hand Weapons
 n - a +0 morningstar
 Y - a +2 war axe of venom (weapon)
Missiles
 i - 4 javelins (quivered)
 t - 14 boomerangs
Armour
 a - the +0 pair of gloves "Saonou Bosm" (worn) {Int+3 Dex+2 Stlth-}
   (You acquired it on level 1 of the Dungeon)

   Int:       It affects your intelligence (+3).
   Dex:       It affects your dexterity (+2).
   Stlth:     It makes you less stealthy.
 b - a +0 plate armour (worn)
 e - a +0 kite shield (worn)
 g - a +0 pair of boots (worn)
 h - a +2 helmet (worn)
 p - a +0 cloak (worn)
Jewellery
 m - an amulet of reflection (around neck)
 o - a +5 ring of evasion (right hand)
 q - a ring of protection from fire
 u - the ring of Mistrust (left hand) {rF+ EV+5}
   (You took it off a tengu conjurer on level 8 of the Dungeon)

   [ring of evasion]

   EV:        It affects your evasion (+5).
   rF:        It protects you from fire.
 w - an amulet of magic regeneration
Scrolls
 c - 5 scrolls of identify
 x - a scroll of immolation {unknown}
Potions
 d - 3 potions of might
 f - 2 potions of resistance
 j - 3 potions of haste
 k - 3 potions of lignification
 l - 2 potions of mutation
 r - a potion of attraction
 s - 2 potions of curing
 v - a potion of cancellation {unknown}

Dungeon Overview and Level Annotations

Branches:
Dungeon (11/15)            Temple (1/1) D:7            Lair (1/5) D:11
    Orc (0/2) D:10

Altars:
Ashenzari
Cheibriados
Dithmenos
Elyvilon
Fedhas
Gozag
Hepliaklqana
Kikubaaqudgha
Makhleb
Nemelex Xobeh
Okawaru
Qazlal
Ru
Sif Muna
Trog
Uskayaw
Vehumet
Wu Jian
Xom
Yredelemnul
Zin
The Shining One

Shops:
D:3 [   D:11 (!(

Annotations:
D:6 2 transporters, qw's ghost, novice GrCA
D:7 3 runed translucent doors, qw's ghost, novice GrFi


Message History

The yak is lightly wounded.
You slice the yak!!
The yak is heavily wounded.
You hit the yak but do no damage.
The yak is poisoned.
You block the yak's attack. The yak misses you.
You barely miss the yak.
The yak is heavily wounded.
You slash the yak!
The yak looks as sick as possible!
You hit the yak. You block the yak's attack.
The yak gores you but does no damage. You block the yak's attack.
You hit the yak but do no damage.
The yak looks as sick as possible!
The yak is heavily wounded.
You slash the yak!
The yak looks as sick as possible!
You slash the yak!
The yak looks as sick as possible!
You slash the yak!
You kill the yak!
Okawaru accepts your kill.
You barely miss the yak. You hit the yak but do no damage.
The yak looks as sick as possible!
You block the yak's attack. The yak gores you but does no damage.
You hit the yak.
The yak looks as sick as possible!
The yak is almost dead.
You hit the yak but do no damage.
The yak looks as sick as possible!
The yak closely misses you. You block the yak's attack.
You slash the yak!
You kill the yak!
Okawaru accepts your kill.
You hit the yak but do no damage.
The yak looks as sick as possible!
The yak misses you.
You slash the yak!
You kill the yak!
Okawaru accepts your kill. The oklob plant spits acid at you.
The splash of acid hits you! The acid corrodes you!
You see here a yak corpse.
You hit the oklob plant.
The oklob plant is lightly damaged.
The oklob plant spits acid at you. The splash of acid hits you!
You die...

####P##..# #...##.
....#......#...####..#..
...#...........#.##.....
...........?............
.......................%
............?..........%
........................
........................
....(..@%...............
......P..#.#............
.........###............
........## ##...#.......
#.##...#. #.....##/....
# #### # ######.......
#...... #...... #......


You could see an oklob plant.

Vanquished Creatures
  2 hydras
  A boulder beetle (D:11)
  A catoblepas (D:8)
  A death knight (D:8)
  3 death yaks (Lair:1)
  A two-headed ogre (D:10)
  3 ugly things
  A manticore (D:8)
  Psyche (D:10)
  A kobold demonologist (D:10)
  A komodo dragon (D:11)
  A meliai (D:8)
  Grinder (D:3)
  8 trolls
  A tengu conjurer (D:8)
  3 hornets
  2 shadows (D:11)
  A vampire (D:10)
  20 yaks
  3 wraiths
  3 wyverns
  5 steam dragons
  2 water moccasins
  3 acid dragons
  2 orc warriors (D:9)
  3 ice beasts
  A black bear (D:8)
  3 sky beasts
  4 ogres
  6 centaurs
  3 phantoms
  3 kobold brigands (D:8)
  4 bullfrogs
  A gnoll sergeant (D:9)
  2 scorpions
  11 wights
  4 killer bees (D:8)
  3 howler monkeys
  2 electric eels (D:7)
  10 orc priests
  5 hounds
  3 jellies
  4 iguanas
  6 sleepcaps
  Terence (D:3)
  14 orc wizards
  A gnoll (D:1)
  9 adders
  2 white imps
  4 worms
  4 dart slugs
  57 orcs
  9 endoplasms
  6 giant cockroaches
  4 goblins
  9 hobgoblins
  6 jackals
  4 quokkas
  5 ball pythons
  6 bats
  12 kobolds
  2 rats (D:1)
304 creatures vanquished.

Vanquished Creatures (others)
  A water moccasin (D:7)
  A wight (D:10)
  An orc (D:10)
3 creatures vanquished.

Grand Total: 307 creatures vanquished

Notes
Turn   | Place    | Note
-------+----------+-------------------------------------------
     0 | D:1      | qw the Gargoyle Fighter began the quest for the Orb.
     0 | D:1      | Reached XP level 1. HP: 14/14 MP: 1/1
     0 | D:1      | 0 ||| qw: Version: 0.2-a-97-g499787f
     0 | D:1      | 0 ||| qw: Game counter: 81
     0 | D:1      | 0 ||| qw: Always use a shield: true
     0 | D:1      | 0 ||| qw: God list: Okawaru
     0 | D:1      | 0 ||| qw: Allow faded altars: false
     0 | D:1      | 0 ||| qw: Do Orc after D:15 true
     0 | D:1      | 0 ||| qw: Do second Lair branch before Depths: true
     0 | D:1      | 0 ||| qw: Lair rune preference: random
     0 | D:1      | 0 ||| qw: Plans: Normal, Zot:1-4, God:TSO, Crypt, Tomb,
                  | Pan, Slime:5, Hells, Abyss, Win
     0 | D:1      | 0 ||| PLANNING D:1-11
    53 | D:1      | Reached skill level 2 in Axes
    54 | D:1      | 54 ||| Stepping ~*~*~tactically~*~*~ (hiding).
    55 | D:1      | 55 ||| Stepping ~*~*~tactically~*~*~ (hiding).
    63 | D:1      | Reached XP level 2. HP: 19/19 MP: 2/2
    87 | D:1      | 87 ||| Stepping ~*~*~tactically~*~*~ (stealth).
    88 | D:1      | 88 ||| Stepping ~*~*~tactically~*~*~ (stealth).
    89 | D:1      | 89 ||| Stepping ~*~*~tactically~*~*~ (stealth).
   183 | D:1      | Reached skill level 3 in Axes
   282 | D:1      | Reached XP level 3. HP: 19/23 MP: 3/3
   442 | D:1      | 442 ||| Stepping ~*~*~tactically~*~*~ (stealth).
   885 | D:1      | 885 ||| READING scroll labelled VUGIERPH HAUKLE.
   886 | D:1      | 886 ||| READING scroll labelled ZEAXINGOGA.
   886 | D:1      | Identified a scroll of acquirement
   886 | D:1      | 886 ||| ACQUIRING +0 pair of gloves "Saonou Bosm" {Int+3
                  | Dex+2 Stlth-}
   886 | D:1      | Acquired the +0 pair of gloves "Saonou Bosm" {Int+3 Dex+2
                  | Stlth-}
   888 | D:1      | 888 ||| UPGRADING to +0 pair of gloves "Saonou Bosm" {Int+3
                  | Dex+2 Stlth-}.
   893 | D:1      | 893 ||| READING scroll labelled TULODDIGUH.
   977 | D:2      | 977 ||| Stepping ~*~*~tactically~*~*~ (hiding).
  1198 | D:2      | 1198 ||| DROPPING +0 club.
  1324 | D:2      | Reached XP level 4. HP: 26/28 MP: 4/4
  1357 | D:2      | You fall into a shaft and drop 2 floors!
  1417 | D:4      | Reached skill level 4 in Axes
  1462 | D:4      | Reached skill level 1 in Dodging
  1462 | D:4      | Reached XP level 5. HP: 29/32 MP: 5/5
  1476 | D:4      | 1476 ||| UPGRADING to +0 kite shield.
  1486 | D:4      | 1486 ||| DROPPING +0 buckler.
  1487 | D:4      | 1487 ||| DROPPING ring of magical power.
  1488 | D:4      | 1488 ||| DRINKING 2 coppery potions.
  1489 | D:4      | 1489 ||| DROPPING potion of magic.
  1569 | D:3      | Noticed Terence
  1584 | D:3      | Killed Terence
  1682 | D:3      | Noticed Grinder
  1695 | D:3      | Paralysed by Grinder for 4 turns
  1702 | D:3      | Paralysed by Grinder for 5 turns
  1706 | D:3      | HP: 6/32 [worm (4)]
  1710 | D:3      | Killed Grinder
  1711 | D:3      | Reached skill level 6 in Shields
  1711 | D:3      | Reached XP level 6. HP: 8/37 MP: 6/6
  1860 | D:3      | 1860 ||| Stepping ~*~*~tactically~*~*~ (hiding).
  1862 | D:3      | 1862 ||| Stepping ~*~*~tactically~*~*~ (hiding).
  1972 | D:3      | 1972 ||| UPGRADING to +0 chain mail.
  1982 | D:3      | 1982 ||| DROPPING +0 scale mail.
  1983 | D:3      | 1983 ||| READING scroll labelled TEINYS HIMUWK.
  1984 | D:3      | 1984 ||| DRINKING 2 puce potions.
  1985 | D:3      | 1985 ||| DRINKING 2 clear potions.
  1986 | D:3      | 1986 ||| DROPPING potion of invisibility.
  1990 | D:3      | Found Lahesoe's Antique Armour Shoppe.
  2288 | D:2      | 2288 ||| UPGRADING to +0 plate armour.
  2298 | D:2      | 2298 ||| DROPPING +0 chain mail.
  2299 | D:2      | 2299 ||| DRINKING 2 lumpy purple potions.
  2326 | D:3      | 2326 ||| SHOPLISTING +3 pair of gauntlets of War {Slay+5}
                  | (1330 gold, have 145).
  2326 | D:3      | 2326 ||| SHOPLISTING glowing plate armour (728 gold, have
                  | 145).
  2326 | D:3      | 2326 ||| BUYING helmet (126 gold).
  2326 | D:3      | Bought a helmet for 126 gold pieces
  2326 | D:3      | 2326 ||| SHOPLISTING shimmering plate armour (784 gold,
                  | have 19).
  2415 | D:3      | 2415 ||| UPGRADING to +0 helmet.
  2428 | D:3      | 2428 ||| STAIRDANCE
  2432 | D:3      | 2432 ||| STAIRDANCE
  2437 | D:3      | 2437 ||| STAIRDANCE
  2441 | D:3      | 2441 ||| STAIRDANCE
  2445 | D:3      | 2445 ||| STAIRDANCE
  2449 | D:3      | 2449 ||| STAIRDANCE
  2453 | D:3      | 2453 ||| STAIRDANCE
  2457 | D:3      | 2457 ||| STAIRDANCE
  2461 | D:3      | 2461 ||| STAIRDANCE
  2465 | D:3      | 2465 ||| STAIRDANCE
  2469 | D:3      | 2469 ||| STAIRDANCE
  2473 | D:3      | 2473 ||| STAIRDANCE
  2477 | D:3      | 2477 ||| STAIRDANCE
  2481 | D:3      | 2481 ||| STAIRDANCE
  2485 | D:3      | 2485 ||| STAIRDANCE
  2489 | D:3      | 2489 ||| STAIRDANCE
  2493 | D:3      | 2493 ||| STAIRDANCE
  2497 | D:3      | 2497 ||| STAIRDANCE
  2501 | D:3      | 2501 ||| STAIRDANCE
  2505 | D:3      | 2505 ||| STAIRDANCE
  2549 | D:2      | 2549 ||| Stepping ~*~*~tactically~*~*~ (hiding).
  2550 | D:2      | 2550 ||| Stepping ~*~*~tactically~*~*~ (hiding).
  2570 | D:2      | 2570 ||| READING scroll of enchant weapon.
  2570 | D:2      | 2570 ||| ENCHANTING +1 war axe.
  2759 | D:3      | Found a stormy altar of Qazlal.
  2764 | D:3      | Found a sparkling altar of Nemelex Xobeh.
  2767 | D:3      | Found an ancient bone altar of Kikubaaqudgha.
  2853 | D:4      | Reached XP level 7. HP: 41/41 MP: 7/7
  2878 | D:4      | 2878 ||| Stepping ~*~*~tactically~*~*~ (hiding).
  2893 | D:4      | 2893 ||| DROPPING +0 whip.
  2994 | D:4      | Reached skill level 5 in Axes
  3059 | D:4      | 3059 ||| Stepping ~*~*~tactically~*~*~ (stealth).
  3060 | D:4      | 3060 ||| Stepping ~*~*~tactically~*~*~ (stealth).
  3061 | D:4      | 3061 ||| Stepping ~*~*~tactically~*~*~ (stealth).
  3161 | D:4      | Found a white marble altar of Elyvilon.
  3239 | D:4      | 3239 ||| Stepping ~*~*~tactically~*~*~ (stealth).
  3605 | D:4      | 3605 ||| UPGRADING to +0 cloak.
  3610 | D:4      | 3610 ||| DRINKING 2 red potions.
  3664 | D:4      | 3664 ||| READING 2 scrolls of identify.
  3664 | D:4      | 3664 ||| IDENTIFYING fizzy ruby potion
  3665 | D:4      | 3665 ||| DROPPING potion of berserk rage.
  3687 | D:5      | Entered Level 5 of the Dungeon
  3787 | D:5      | Found a shimmering altar of Xom.
  3796 | D:5      | Found a hide-covered altar of Uskayaw.
  3886 | D:5      | Reached skill level 6 in Axes
  3999 | D:5      | 3999 ||| Stepping ~*~*~tactically~*~*~ (hiding).
  4009 | D:5      | Reached XP level 8. HP: 47/48 MP: 8/8
  4306 | D:5      | 4306 ||| Stepping ~*~*~tactically~*~*~ (hiding).
  4310 | D:5      | 4310 ||| Stepping ~*~*~tactically~*~*~ (stealth).
  4600 | D:5      | 4600 ||| UPGRADING to +5 ring of evasion.
  4601 | D:5      | 4601 ||| READING scroll labelled VUMPO RUVUH.
  4602 | D:5      | 4602 ||| DRINKING 2 yellow potions.
  4603 | D:5      | 4603 ||| READING 4 scrolls of identify.
  4603 | D:5      | 4603 ||| IDENTIFYING fizzy orange potion
  4604 | D:5      | 4604 ||| READING 3 scrolls of identify.
  4604 | D:5      | 4604 ||| IDENTIFYING glowing purple potion
  4605 | D:5      | 4605 ||| READING 2 scrolls of identify.
  4605 | D:5      | 4605 ||| IDENTIFYING purple potion
  4606 | D:5      | 4606 ||| DROPPING potion of flight.
  4607 | D:5      | 4607 ||| DROPPING potion of brilliance.
  4638 | D:6      | Noticed a hornet
  4676 | D:6      | Reached skill level 7 in Axes
  4869 | D:6      | 4869 ||| Stepping ~*~*~tactically~*~*~ (hiding).
  4962 | D:6      | Noticed qw's ghost (novice GrCA)
  4994 | D:6      | 4994 ||| Stepping ~*~*~tactically~*~*~ (stealth).
  4999 | D:6      | 4999 ||| Stepping ~*~*~tactically~*~*~ (hiding).
  5031 | D:6      | Found a transporter.
  5034 | D:6      | Found a transporter.
  5091 | D:6      | 5091 ||| Stepping ~*~*~tactically~*~*~ (stealth).
  5102 | D:6      | Reached skill level 1 in Throwing
  5102 | D:6      | Reached XP level 9. HP: 53/54 MP: 9/9
  5553 | D:6      | 5553 ||| UPGRADING to +0 pair of boots.
  5558 | D:6      | 5558 ||| READING 3 scrolls labelled BOONWE KO DASM.
  5559 | D:6      | 5559 ||| READING 2 scrolls of enchant armour.
  5559 | D:6      | 5559 ||| ENCHANTING +0 helmet.
  5560 | D:6      | 5560 ||| READING scroll of enchant armour.
  5560 | D:6      | 5560 ||| ENCHANTING +1 helmet.
  5561 | D:6      | 5561 ||| READING 2 scrolls labelled ZOICYU XIUTE.
  5562 | D:6      | 5562 ||| READING scroll labelled BYSTRA XUEWK.
  5563 | D:6      | 5563 ||| DROPPING scroll of blinking.
  5633 | D:7      | Found a runed translucent gate.
  5679 | D:7      | Found a staircase to the Ecumenical Temple.
  5680 | D:7      | 5680 ||| PLANNING TEMPLE
  5689 | D:7      | 5689 ||| Stepping ~*~*~tactically~*~*~ (hiding).
  5692 | D:7      | 5692 ||| Stepping ~*~*~tactically~*~*~ (hiding).
  5693 | D:7      | 5693 ||| Stepping ~*~*~tactically~*~*~ (hiding).
  5724 | D:7      | 5724 ||| Stepping ~*~*~tactically~*~*~ (stealth).
  5728 | Temple   | Entered the Ecumenical Temple
  5729 | Temple   | 5729 ||| PLANNING OKAWARU WORSHIP
  5898 | Temple   | Became a worshipper of Warmaster Okawaru
  5898 | Temple   | 5898 ||| PLANNING D:1-11
  5925 | D:7      | Found a blossoming altar of Fedhas.
  5925 | D:7      | Found a shimmering blue altar of Sif Muna.
  6031 | D:7      | Reached skill level 8 in Axes
  6049 | D:7      | Reached skill level 6 in Fighting
  6054 | D:7      | Reached * piety under Okawaru
  6073 | D:7      | Found a runed translucent gate.
  6073 | D:7      | Found a runed translucent gate.
  6075 | D:7      | Noticed qw's ghost (novice GrFi)
  6129 | D:7      | 6129 ||| Stepping ~*~*~tactically~*~*~ (hiding).
  6193 | D:7      | Reached skill level 1 in Invocations
  6217 | D:7      | 6217 ||| Stepping ~*~*~tactically~*~*~ (stealth).
  6225 | D:7      | 6225 ||| INVOKING Heroism.
  6237 | D:7      | 6237 ||| INVOKING Heroism.
  6244 | D:7      | Reached skill level 6 in Armour
  6521 | D:7      | 6521 ||| DROPPING amulet of faith.
  6522 | D:7      | 6522 ||| READING 2 scrolls labelled DENGAL XEVVU.
  6561 | D:7      | 6561 ||| READING 2 scrolls of identify.
  6561 | D:7      | 6561 ||| IDENTIFYING fizzy grey potion
  6562 | D:7      | 6562 ||| DROPPING potion of degeneration.
  6568 | D:8      | 6568 ||| INVOKING Heroism.
  6581 | D:8      | 6581 ||| STAIRDANCE
  6626 | D:8      | 6626 ||| STAIRDANCE
  6745 | D:8      | 6745 ||| INVOKING Heroism.
  6790 | D:8      | Reached skill level 3 in Invocations
  6790 | D:8      | Reached XP level 10. HP: 51/60 MP: 10/12
  6793 | D:8      | 6793 ||| INVOKING Heroism.
  6886 | D:8      | 6886 ||| INVOKING Heroism.
  6904 | D:8      | Reached skill level 9 in Axes
  6998 | D:8      | 6998 ||| Stepping ~*~*~tactically~*~*~ (hiding).
  7006 | D:8      | 7006 ||| INVOKING Heroism.
  7022 | D:8      | 7022 ||| Stepping ~*~*~tactically~*~*~ (stealth).
  7029 | D:8      | 7029 ||| Stepping ~*~*~tactically~*~*~ (stealth).
  7046 | D:8      | 7046 ||| INVOKING Heroism.
  7127 | D:8      | 7127 ||| Stepping ~*~*~tactically~*~*~ (stealth).
  7129 | D:8      | 7129 ||| Stepping ~*~*~tactically~*~*~ (stealth).
  7131 | D:8      | 7131 ||| Stepping ~*~*~tactically~*~*~ (stealth).
  7133 | D:8      | 7133 ||| Stepping ~*~*~tactically~*~*~ (stealth).
  7276 | D:8      | Noticed a cyan ugly thing
  7277 | D:8      | Noticed a death knight
  7278 | D:8      | 7278 ||| Stepping ~*~*~tactically~*~*~ (hiding).
  7286 | D:8      | 7286 ||| INVOKING Heroism.
  7290 | D:8      | Killed a cyan ugly thing
  7290 | D:8      | HP: 8/63 [death knight/+1 halberd (10)]
  7291 | D:8      | 7291 ||| READING 2 scrolls of teleportation.
  7292 | D:8      | 7292 ||| DRINKING 3 potions of heal wounds.
  7293 | D:8      | Noticed a green ugly thing
  7293 | D:8      | Noticed a catoblepas
  7293 | D:8      | Noticed a manticore
  7296 | D:8      | HP: 15/63 [mirror damage (3)]
  7552 | D:8      | Reached ** piety under Okawaru
  7733 | D:8      | 7733 ||| INVOKING Heroism.
  7952 | D:8      | 7952 ||| Stepping ~*~*~tactically~*~*~ (stealth).
  7953 | D:8      | 7953 ||| Stepping ~*~*~tactically~*~*~ (stealth).
  7963 | D:8      | 7963 ||| INVOKING Heroism.
  7965 | D:8      | HP: 12/63 [mirror damage (14)]
  7966 | D:8      | 7966 ||| READING scroll of teleportation.
  7967 | D:8      | 7967 ||| DRINKING 2 potions of heal wounds.
  7970 | D:8      | HP: 5/63 [mirror damage (16)]
  7970 | D:8      | Killed a death knight
  7971 | D:8      | Reached skill level 9 in Shields
  8256 | D:8      | 8256 ||| Stepping ~*~*~tactically~*~*~ (stealth).
  8257 | D:8      | 8257 ||| INVOKING Heroism.
  8278 | D:8      | Killed a green ugly thing
  8279 | D:8      | Reached XP level 11. HP: 65/67 MP: 14/14
  8303 | D:8      | Identified the ring "Plog" {Slay+4 Stlth+}
  8304 | D:8      | 8304 ||| Stepping ~*~*~tactically~*~*~ (hiding).
  8306 | D:8      | 8306 ||| INVOKING Heroism.
  8310 | D:8      | Identified the ring of Mistrust {rF+ EV+5}
  8314 | D:8      | HP: 10/67 [catoblepas (15)]
  8315 | D:8      | 8315 ||| DRINKING potion of heal wounds.
  8321 | D:8      | Killed a catoblepas
  8322 | D:8      | Reached skill level 10 in Axes
  8323 | D:8      | 8323 ||| INVOKING Heroism.
  8384 | D:8      | 8384 ||| INVOKING Heroism.
  8392 | D:8      | Killed a manticore
  8499 | D:8      | 8499 ||| UPGRADING to amulet of reflection.
  8504 | D:8      | 8504 ||| UPGRADING to ring of protection from fire.
  8505 | D:8      | 8505 ||| UPGRADING to ring of Mistrust {rF+ EV+5}.
  8507 | D:8      | 8507 ||| UPGRADING to +5 ring of evasion.
  8509 | D:8      | 8509 ||| READING scroll labelled BAM MUMMEQIGERA.
  8510 | D:8      | 8510 ||| READING scroll labelled XUIHITIU OLUIV.
  8511 | D:8      | 8511 ||| READING 2 scrolls of identify.
  8511 | D:8      | 8511 ||| IDENTIFYING fuming black potion
  8924 | D:9      | Reached *** piety under Okawaru
  8975 | D:9      | 8975 ||| INVOKING Heroism.
  9134 | D:9      | 9134 ||| Stepping ~*~*~tactically~*~*~ (hiding).
  9138 | D:9      | 9138 ||| INVOKING Heroism.
  9143 | D:9      | Found a bloodstained altar of Trog.
  9234 | D:9      | 9234 ||| Stepping ~*~*~tactically~*~*~ (hiding).
  9262 | D:9      | 9262 ||| INVOKING Heroism.
  9273 | D:9      | Reached skill level 11 in Axes
  9281 | D:9      | 9281 ||| Stepping ~*~*~tactically~*~*~ (hiding).
  9297 | D:9      | 9297 ||| INVOKING Heroism.
  9298 | D:9      | HP: 15/68 [orc priest/divine providence (11)]
  9299 | D:9      | 9299 ||| READING scroll of teleportation.
  9302 | D:9      | 9302 ||| DRINKING 3 potions of curing.
  9302 | D:9      | 9302 ||| (to cure confusion)
  9332 | D:9      | 9332 ||| INVOKING Heroism.
  9885 | D:9      | 9885 ||| READING scroll labelled KYOGIR ZAAFOCH.
  9886 | D:9      | 9886 ||| READING scroll labelled KEILEE SUOHELIASS.
  9971 | D:10     | Entered Level 10 of the Dungeon
  9996 | D:10     | 9996 ||| DRINKING 2 potions of curing.
  9996 | D:10     | 9996 ||| (to cure confusion)
 10051 | D:10     | 10051 ||| Stepping ~*~*~tactically~*~*~ (stealth).
 10053 | D:10     | 10053 ||| Stepping ~*~*~tactically~*~*~ (stealth).
 10057 | D:10     | 10057 ||| Stepping ~*~*~tactically~*~*~ (hiding).
 10058 | D:10     | 10058 ||| Stepping ~*~*~tactically~*~*~ (hiding).
 10059 | D:10     | 10059 ||| Stepping ~*~*~tactically~*~*~ (hiding).
 10149 | D:10     | 10149 ||| Stepping ~*~*~tactically~*~*~ (stealth).
 10150 | D:10     | 10150 ||| Stepping ~*~*~tactically~*~*~ (stealth).
 10158 | D:10     | 10158 ||| Stepping ~*~*~tactically~*~*~ (stealth).
 10160 | D:10     | 10160 ||| INVOKING Heroism.
 10192 | D:10     | Found a radiant altar of Vehumet.
 10194 | D:10     | 10194 ||| Stepping ~*~*~tactically~*~*~ (hiding).
 10195 | D:10     | 10195 ||| Stepping ~*~*~tactically~*~*~ (hiding).
 10197 | D:10     | 10197 ||| Stepping ~*~*~tactically~*~*~ (hiding).
 10203 | D:10     | 10203 ||| Stepping ~*~*~tactically~*~*~ (stealth).
 10354 | D:10     | Found a hazy altar of Hepliaklqana.
 10413 | D:10     | 10413 ||| Stepping ~*~*~tactically~*~*~ (stealth).
 10415 | D:10     | 10415 ||| Stepping ~*~*~tactically~*~*~ (stealth).
 10422 | D:10     | 10422 ||| Stepping ~*~*~tactically~*~*~ (stealth).
 10435 | D:10     | Noticed Psyche
 10436 | D:10     | 10436 ||| INVOKING Heroism.
 10445 | D:10     | Noticed a soul eater
 10446 | D:10     | Reached skill level 9 in Fighting
 10450 | D:10     | Noticed a sixfirhy
 10463 | D:10     | 10463 ||| INVOKING Heroism.
 10474 | D:10     | Killed Psyche
 10474 | D:10     | Reached **** piety under Okawaru
 10503 | D:10     | Found a staircase to the Orcish Mines.
 10558 | D:10     | 10558 ||| Stepping ~*~*~tactically~*~*~ (hiding).
 10693 | D:10     | Noticed a two-headed ogre
 10694 | D:10     | 10694 ||| DRINKING potion of curing.
 10694 | D:10     | 10694 ||| (to cure confusion)
 10695 | D:10     | 10695 ||| INVOKING Heroism.
 10700 | D:10     | Killed a two-headed ogre
 10701 | D:10     | Reached skill level 9 in Armour
 10701 | D:10     | Reached XP level 12. HP: 76/76 MP: 12/15
 10713 | D:10     | 10713 ||| INVOKING Heroism.
 10828 | D:10     | Noticed a six-headed hydra
 10829 | D:10     | 10829 ||| Stepping ~*~*~tactically~*~*~ (hiding).
 10830 | D:10     | 10830 ||| Stepping ~*~*~tactically~*~*~ (hiding).
 10832 | D:10     | 10832 ||| INVOKING Heroism.
 10845 | D:10     | Received a gift from Okawaru
 10846 | D:10     | 10846 ||| SWAPPING to +0 morningstar.
 10858 | D:10     | Killed a six-headed hydra
 10859 | D:10     | 10859 ||| SWAPPING to +2 war axe of venom.
 10867 | D:10     | Reached skill level 6 in Invocations
 11082 | D:11     | Noticed a four-headed hydra
 11082 | D:11     | 11082 ||| Stepping ~*~*~tactically~*~*~ (stealth).
 11085 | D:11     | 11085 ||| INVOKING Heroism.
 11092 | D:11     | 11092 ||| SWAPPING to +0 morningstar.
 11111 | D:11     | Killed a four-headed hydra
 11112 | D:11     | 11112 ||| SWAPPING to +2 war axe of venom.
 11300 | D:11     | Noticed a boulder beetle
 11301 | D:11     | 11301 ||| INVOKING Heroism.
 11313 | D:11     | Killed a boulder beetle
 11361 | D:11     | Found Yklus's Antique Weapon Emporium.
 11369 | D:11     | 11369 ||| BUYING ichor-stained flail (246 gold).
 11369 | D:11     | Bought an ichor-stained flail for 246 gold pieces
 11369 | D:11     | Identified the +6 flail of Past Mistakes {heavy, Str+3}
                  | (You bought it in a shop on level 11 of the Dungeon)
 11369 | D:11     | 11369 ||| DROPPING +6 flail of Past Mistakes {heavy,
                  | Str+3}.
 11391 | D:11     | Reached skill level 3 in Throwing
 11470 | D:11     | Found a staircase to the Lair.
 11474 | D:11     | Found Koupeisicvi's Distillery.
 11483 | D:11     | 11483 ||| BUYING potion of attraction (45 gold).
 11483 | D:11     | Bought a potion of attraction for 45 gold pieces
 11483 | D:11     | 11483 ||| BUYING potion of curing (45 gold).
 11483 | D:11     | Bought a potion of curing for 45 gold pieces
 11483 | D:11     | 11483 ||| BUYING potion of lignification (45 gold).
 11483 | D:11     | Bought a potion of lignification for 45 gold pieces
 11483 | D:11     | 11483 ||| BUYING potion of mutation (120 gold).
 11483 | D:11     | Bought a potion of mutation for 120 gold pieces
 11483 | D:11     | 11483 ||| SHOPLISTING potion of mutation (120 gold, have
                  | 54).
 11483 | D:11     | 11483 ||| SHOPLISTING potion of resistance (150 gold, have
                  | 54).
 11487 | D:11     | 11487 ||| Stepping ~*~*~tactically~*~*~ (stealth).
 11549 | D:11     | Found Naroih's Weapon Shop.
 11576 | D:11     | Identified the +9 quarterstaff of Peril {flame, *Slow rElec
                  | rF+ Will++}
 11757 | D:11     | 11757 ||| INVOKING Heroism.
 11946 | D:11     | 11946 ||| PLANNING LAIR
 11976 | Lair:1   | Entered Level 1 of the Lair of Beasts
 12049 | Lair:1   | Noticed a death yak
 12049 | Lair:1   | Noticed a death yak
 12050 | Lair:1   | 12050 ||| INVOKING Heroism.
 12051 | Lair:1   | Noticed a death yak
 12059 | Lair:1   | Killed a death yak
 12060 | Lair:1   | Killed a death yak
 12069 | Lair:1   | Killed a death yak
 12111 | Lair:1   | Reached skill level 12 in Axes
 12115 | Lair:1   | Reached ***** piety under Okawaru
 12157 | Lair:1   | 12157 ||| INVOKING Heroism.
 12175 | Lair:1   | HP: 8/76 [oklob plant/splash of acid (16)]
 12177 | Lair:1   | Killed from afar by an oklob plant

Levels and vault maps discovered:
D:1:      dpeg_arrival_tiny_a, layout_rooms, serial_forest,
          infiniplex_forest_end_2, infiniplex_forest_join,
          infiniplex_forest_clump_C, infiniplex_forest_end_3,
          infiniplex_forest_diagonal, infiniplex_forest_zigzag_1,
          infiniplex_forest_clump_double, infiniplex_forest_clump_long
D:2:      wad_lake_hut, layout_loops_cross, palyth_stone_intersect
D:3:      layout_rooms, minmay_overflow_temple_star_quad, serial_shops, shop,
          uniq_grinder, uniq_terence
D:4:      cheibrodos_helix_gallery, layout_basic,
          nicolae_elyvilon_peaceful_grove
D:5:      layout_basic, mainiacjoe_overflow_large_starburst
D:6:      layout_basic, gammafunk_ghost_hive
D:7:      layout_cave_pools, amethyst_overflow_temple_binary,
          minmay_temple_entry_wispy, gammafunk_ghost_nasty_kobolds,
          water_boxes_lemuel
D:8:      minmay_the_grid_triangle_9x9_rhombus_full
          [minmay_the_grid_triangle_9x9_checkered,
          minmay_the_grid_triangle_9x9_from_above,
          minmay_the_grid_triangle_9x9_negative_grid,
          minmay_the_grid_triangle_9x9_pentomino_pain,
          minmay_the_grid_triangle_9x9_alien,
          minmay_the_grid_triangle_9x9_swiss_cheese,
          minmay_the_grid_triangle_9x9_descending_squares,
          minmay_the_grid_triangle_9x9_prize_schism], layout_basic,
          enter_bailey_4, hex_medium
D:9:      layout_basic, trog_antimagical, grunt_ministairs_12,
          minmay_misc_feat_rows, nicolae_eternal_life, minmay_joined_circles
D:10:     wad_guarded_room, layout_rooms, vehumet_altar_wand_db,
          mainiacjoe_overflow_tiny_flanked, orc_david_3, uniq_psyche
D:11:     layout_irregular_city, lair_entry_dummy, serial_shops, shop_statue,
          nicolae_shop_waterfront, shop, nicolae_figureground_sparkle
Temple:   nicolae_temple_bog_church
Lair:1:   layout_hall_layers, uniq_erica

Skill      XL: |  1  2  3  4  5  6  7  8  9 10 11 12 |
---------------+-------------------------------------+-----
Axes           | 2 3 4 6 7 8 9 11 12 | 12.0
Dodging        | 1 2 |  2.0
Shields        | 6 7 8 9 10 | 10.4
Fighting       | 4 5 6 7 9 |  9.0
Armour         | 4 5 6 7 9 |  9.3
Throwing       | 1 3 |  3.0
Invocations    | 3 4 8 |  8.4

Action                     |  1- 3 |  4- 6 |  7- 9 | 10-12 || total
---------------------------+-------+-------+-------+-------++-------
  Melee: War axe           |   123 |   128 |   295 |   538 ||  1084
         Morningstar       |       |       |       |    31 ||    31
  Throw: Boomerang         |       |       |    56 |    52 ||   108
         Javelin           |       |       |       |    16 ||    16
 Invoke: Heroism           |       |       |     4 |    27 ||    31
    Use: Scroll            |     3 |     2 |    12 |     8 ||    25
         Potion            |       |     4 |     2 |     6 ||    12
 Armour: Scale mail        |    89 |    44 |       |       ||   133
         Plate armour      |       |    17 |   167 |   164 ||   348
  Dodge: Dodged            |    56 |    40 |    87 |   243 ||   426
  Block: Buckler           |    22 |     4 |       |       ||    26
         Kite shield       |       |    47 |   123 |   402 ||   572
         Reflection        |       |       |       |     7 ||     7

Table legend:
 A = Non-vault XP
 B = Vault XP
 C = Vault XP percentage of total XP
 D = Non-vault monster count
 E = Vault monster count
 F = Vault count percentage of total count
                 A         B        C        D         E       F
            +---------+---------+-------+---------+---------+-------
      Total |   15813 |   13663 |  46.4 |     228 |      77 |  25.2
            +---------+---------+-------+---------+---------+-------
        D:1 |      59 |       0 |   0.0 |      25 |       0 |   0.0
        D:2 |      34 |       0 |   0.0 |      12 |       0 |   0.0
        D:3 |      73 |     345 |  82.5 |      20 |       2 |   9.1
        D:4 |     370 |      37 |   9.1 |      31 |       2 |   6.1
        D:5 |     597 |       0 |   0.0 |      19 |       0 |   0.0
        D:6 |     990 |       0 |   0.0 |      22 |       0 |   0.0
        D:7 |    1281 |       0 |   0.0 |      19 |       0 |   0.0
        D:8 |    1070 |    6326 |  85.5 |      24 |      29 |  54.7
        D:9 |    1641 |    2268 |  58.0 |      14 |      22 |  61.1
       D:10 |    2383 |    4687 |  66.3 |      22 |      22 |  50.0
       D:11 |    3066 |       0 |   0.0 |       8 |       0 |   0.0
     Lair:1 |    4249 |       0 |   0.0 |      12 |       0 |   0.0
            +---------+---------+-------+---------+---------+-------
